 Dungeon Crawl Stone Soup version 0.22.0-27-ga576289601 (webtiles) character file.

13 IceCat the Firebug (level 2, 0/20 HPs)
             Began as a Gnoll Fire Elementalist on Aug 22, 2018.
             Slain by a frilled lizard (3 damage)
             ... on level 1 of the Dungeon.
             The game lasted 00:01:29 (138 turns).

IceCat the Firebug (Gnoll Fire Elementalist)         Turns: 138, Time: 00:01:30

Health: 0/20       AC:  2    Str: 10    XL:     2   Next: 37%
Magic:  0/7        EV: 14    Int: 22    God:
Gold:   0          SH:  0    Dex: 15    Spells: 9/10 levels left

rFire    . . .     SeeInvis .   d - +0 dagger (curse)
rCold    . . .     Gourm    .   (no shield)
rNeg     . . .     Faith    .   a - +0 robe
rPois    .         Spirit   .   (no helmet)
rElec    .         Reflect  .   (no cloak)
rCorr    .         Harm     .   (no gloves)
MR       .....                  (no boots)
Stlth    +++.......             (no amulet)
HPRegen  0.06/turn              (no ring)
MPRegen  0.10/turn              (no ring)

@: brilliant
A: distributed training, fangs 1, strong nose
a: no special abilities


You were on level 1 of the Dungeon.
You were not hungry.

You visited 1 branch of the dungeon, and saw 1 of its levels.

Inventory:

Hand Weapons
 d - a cursed +0 dagger (weapon)
Armour
 a - a +0 robe (worn)
Comestibles
 b - 3 chunks of flesh
 c - a ration


   Skills:
 + Level 0.3 Fighting
 + Level 0.3 Short Blades
 + Level 0.3 Long Blades
 + Level 0.3 Axes
 + Level 0.3 Maces & Flails
 + Level 0.3 Polearms
 + Level 0.3 Staves
 + Level 0.3 Slings
 + Level 0.3 Bows
 + Level 0.3 Crossbows
 + Level 0.3 Throwing
 + Level 0.3 Armour
 + Level 4.4 Dodging
 + Level 4.0 Stealth
 + Level 0.3 Shields
 + Level 0.3 Unarmed Combat
 + Level 4.9 Spellcasting
 + Level 2.0 Conjurations
 + Level 0.2 Hexes
 + Level 0.2 Charms
 + Level 0.2 Summonings
 + Level 0.2 Necromancy
 + Level 0.2 Translocations
 + Level 0.2 Transmutations
 + Level 5.3 Fire Magic
 + Level 0.2 Ice Magic
 + Level 0.2 Air Magic
 + Level 0.2 Earth Magic
 + Level 0.2 Poison Magic
 + Level 0.4 Invocations
 + Level 0.3 Evocations


You had 9 spell levels left.
You knew the following spells:

 Your Spells              Type           Power        Failure   Level  Hunger
a - Flame Tongue          Conj/Fire      ####.        1%          1    None

Your spell library contained the following spells:

 Spells                   Type           Power        Failure   Level  Hunger
 Throw Flame              Conj/Fire      ####..       1%          2    None
 Conjure Flame            Conj/Fire      ####....     1%          3    ##.....
 Inner Flame              Hex/Fire       ####....     1%          3    ##.....
 Sticky Flame             Conj/Fire      ####....     2%          4    ####...
 Fireball                 Conj/Fire      ####......   7%          5    #####..


Dungeon Overview and Level Annotations

Branches:
Dungeon (1/15)

Altars:


Innate Abilities, Weirdness & Mutations

Your experience applies equally to all skills.
You have very sharp teeth.
Your uncanny sense of smell can sniff out nearby items.


Message History

You closely miss the frilled lizard.
You bite the frilled lizard, but do no damage.
The frilled lizard misses you. The jackal bites you.
* * * LOW HITPOINT WARNING * * *
You closely miss the frilled lizard. The jackal misses you.
The frilled lizard bites you.
* * * LOW HITPOINT WARNING * * *
It was a potion of brilliance.
You feel clever all of a sudden. The jackal closely misses you.
The frilled lizard barely misses you. The jackal closely misses you.
Casting: Flame Tongue (safe; 1% risk of failure)
Confirm with . or Enter, or press ? or * to list all spells.
Aiming: Flame Tongue (safe; 1% risk of failure)
Press: ? - help, Shift-Dir - straight line, f - jackal
Aim: a jackal The flame tongue hits the jackal.
The jackal is moderately wounded.
The frilled lizard bites you.
You die...

...............###........
.###..###.................
.# #.## #....#..#.........
.# #.# #.......#.....>...
..##[# #...###...........
..#..####...###(..........
....##...#...##(..h.......
.#.....#.......h##........
........#.......@lg.......
.#..###.##..).####........
.#... ...#.....# #.#......
#.####......#..##...###..
#. #........#...#..# . #.
#....h...###.##.# #.
#........# ..#.#
..........# ...
###........#


You could see a jackal, a hobgoblin and a frilled lizard.

Vanquished Creatures
  2 dart slugs (D:1)
  A goblin (D:1)
  3 bats (D:1)
  A frilled lizard (D:1)
  4 kobolds (D:1)
11 creatures vanquished.

Notes
Turn   | Place    | Note
-------+----------+-------------------------------------------
     0 | D:1      | IceCat the Gnoll Fire Elementalist began the quest for the Orb.
     0 | D:1      | Reached XP level 1. HP: 13/13 MP: 6/6
    84 | D:1      | Reached XP level 2. HP: 19/19 MP: 1/7
   138 | D:1      | Slain by a frilled lizard

Skill      XL: |  1 |
---------------+----+-----
Conjurations   | 2 |  2.0
Fighting       | |  0.3
Short Blades   | |  0.3
Long Blades    | |  0.3
Axes           | |  0.3
Maces & Flails | |  0.3
Polearms       | |  0.3
Staves         | |  0.3
Slings         | |  0.3
Bows           | |  0.3
Crossbows      | |  0.3
Throwing       | |  0.3
Armour         | |  0.3
Dodging        | |  4.4
Stealth        | |  4.0
Shields        | |  0.3
Unarmed Combat | |  0.3
Spellcasting   | |  4.9
Hexes          | |  0.2
Charms         | |  0.2
Summonings     | |  0.2
Necromancy     | |  0.2
Translocations | |  0.2
Transmutations | |  0.2
Fire Magic     | |  5.3
Ice Magic      | |  0.2
Air Magic      | |  0.2
Earth Magic    | |  0.2
Poison Magic   | |  0.2
Invocations    | |  0.4
Evocations     | |  0.3

Action                   || total
-------------------------++-------
Melee: Dagger            ||    29
       Bite              ||     3
 Cast: Flame Tongue      ||    18
  Use: Potion            ||     1
Armor: Robe              ||    19
Dodge: Dodged            ||    64
